Map: [ESL] Crimson Court

Players

Dark

  • Race: Zerg Zerg
  • Spawn Location: 7:00

ByuN - Winner!

  • Race: Terran Terran
  • Spawn Location: 1:00

Event: ESL Spring 2024 Finals

VOD

Have the link to the VOD?

Description

Time

  • Played on: June 1, 2024, 4:59 p.m.
  • Length: 5:15

All games in this series

Show
View Real Time Build Order
Export as new Build Order

Dark Zerg 

Build Orders: Hatch First 

Get SALT Encoding   

  12  0:00  Drone  
  13  0:12  Overlord  
  13  0:16  Drone  
  14  0:31  Drone  
  14  0:32  Drone  
  16  0:47  Hatchery  
  15  0:50  Drone  
  15  0:55  Drone  
  17  1:01  Drone  
  18  1:14  Spawning Pool  
  18  1:15  Drone  
  18  1:20  Drone  
  19  1:31  Drone  
  20  1:42  Hatchery  
  20  1:44  Drone  
  20  1:56  Drone  
  20  2:00  Queen  
  23  2:01  Zergling x2  
  23  2:02  Zergling x2  
  25  2:13  Queen  
  25  2:15  Zergling x2  
  28  2:28  Spine Crawler  
  26  2:30  Zergling x2  
  26  2:31  Drone  
  27  2:45  Overlord  
  27  2:53  Queen x2  
  27  2:55  Queen  
  33  3:01  Drone  
  34  3:10  Zergling x12  
  34  3:12  Zergling x2  
  39  3:15  Zergling x2  
  39  3:19  Zergling x2  
  39  3:22  Zergling x2  
  39  3:23  Zergling x2  
  34  3:38  Drone x2  
  34  3:39  Drone  
  36  3:41  Drone  
  36  3:53  Queen  
  36  3:58  Zergling x2  
  38  4:04  Drone x2  
  38  4:10  Drone  
  36  4:17  Queen  
  36  4:18  Zergling x4  
  36  4:19  Zergling x2  
  36  4:22  Zergling x2  
  42  4:35  Overlord  
  42  4:37  Overlord  
  42  4:43  Overlord  
  41  4:54  Drone x2  
  41  4:56  Drone  
  41  4:59  Drone  
Show
View Real Time Build Order
Export as new Build Order

ByuN Terran - Winner!

Build Orders:  

Get SALT Encoding   

  12  0:00  SCV  
  13  0:12  SCV  
  14  0:17  Supply Depot  
  14  0:24  SCV  
  15  0:39  SCV, Barracks  
  16  0:43  Refinery  
  16  0:51  SCV  
  17  0:58  Barracks  
  17  1:03  SCV  
  18  1:15  SCV  
  19  1:19  Barracks  
  19  1:27  Reaper  
  20  1:35  Orbital Command  
  20  1:41  Refinery  
  20  1:45  Reaper  
  21  1:53  Supply Depot  
  21  2:00  SCV  
  22  2:02  Reaper  
  23  2:15  SCV, Reaper  
  25  2:23  Supply Depot  
  25  2:25  Reaper  
  25  2:27  SCV  
  27  2:34  Reaper  
  28  2:39  SCV  
  29  2:52  Reaper  
  29  2:56  SCV  
  31  3:01  Reaper  
  32  3:05  Command Center  
  32  3:08  SCV  
  33  3:13  Reaper  
  34  3:20  SCV  
  34  3:24  Reaper  
  36  3:32  SCV  
  36  3:33  Reaper  
  35  3:44  SCV  
  35  3:45  Reaper  
  37  3:50  Command Center  
  37  3:57  SCV  
  37  4:00  Barracks Tech Lab  
  38  4:09  SCV  
  39  4:17  Factory, Barracks Reactor  
  39  4:20  Barracks Reactor  
  39  4:21  SCV  
  40  4:27  Orbital Command  
  40  4:33  SCV  
  41  4:39  Marine  
  41  4:45  SCV  
  43  4:57  SCV  
  44  5:02  Starport, Factory Reactor  
  44  5:03  SCV  
  50  5:12  Refinery  
Tags
 
Add a new tag
Caveats
  • Supply blocks, unpowered buildings, or Contaminate may cause inaccurate times.
  • Supply counts are checked every 10 seconds.